 Dungeon Crawl Stone Soup version 0.30.0-19-g36f170ea60 (webtiles) character file.

Game seed: 3431611375861176239

862 BillyBaka the Shooter (level 7, 0/60 HPs)
             Began as a Minotaur Hunter on June 1, 2023.
             Was an Initiate of Gozag.
             Slain by a water moccasin (7 damage)
             ... on level 5 of the Dungeon.
             The game lasted 00:18:48 (3740 turns).

BillyBaka the Shooter (Minotaur Hunter)             Turns: 3740, Time: 00:18:49

Health: 0/60       AC:  4    Str: 15    XL:     7   Next: 72%
Magic:  6/6        EV: 13    Int:  6    God:    Gozag
Gold:   83         SH:  0    Dex: 16    Spells: 6/6 levels left

rFire   . . .        a - +0 shortbow
rCold   . . .        (shield currently unavailable)
rNeg    . . .        c - +0 leather armour
rPois   .            w - +0 hat
rElec   .            (no cloak)
rCorr   .            x - +1 pair of gloves of Activism {Regen+}
SInv    .            (no boots)
Will    +....        (no amulet)
Stlth   ++           (no ring)
HPRegen 1.10/turn    (no ring)
MPRegen 0.10/turn

%: no passive effects
@: weakened, gold aura, unable to read
A: horns 2, retaliatory headbutt, deformed body, strong-willed 1, inability to
read after injury 1
a: Renounce Religion, Potion Petition, Call Merchant, Bribe Branch


You were on level 5 of the Dungeon.
You worshipped Gozag.
Gozag was noncommittal.
You visited 2 branches of the dungeon, and saw 6 of its levels.

You collected 319 gold pieces.
You spent 198 gold pieces at shops.
You paid 38 gold pieces to Gozag.

Inventory:

Hand Weapons
 a - a +0 shortbow (weapon)
 b - a +2 dagger of speed
Armour
 c - a +0 leather armour (worn)
 t - a +0 kite shield
 w - a +0 hat (worn)
 x - the +1 pair of gloves of Activism (worn) {Regen+}
   (You bought it in a shop on level 4 of the Dungeon)

   Regen:     It increases your rate of health regeneration.
Wands
 d - a wand of polymorph (6)
Scrolls
 e - 2 scrolls of blinking {unknown}
 i - 2 scrolls of vulnerability {unknown}
 l - a scroll of enchant armour {unknown}
 m - 2 scrolls of enchant weapon {unknown}
 r - a scroll of fog {unknown}
 u - 2 scrolls of identify {unknown}
 v - a scroll of fear {unknown}
Potions
 g - 4 potions of curing
 k - 2 potions of lignification
 o - a potion of might
 q - 4 potions of haste
 s - a potion of degeneration {unknown}


   Skills:
 + Level 4.8 Fighting
 - Level 0.8 Short Blades
 * Level 7.1 Ranged Weapons
 + Level 3.9 Armour
 + Level 4.4 Dodging
 + Level 3.1 Stealth


You had 6 spell levels left.
You didn't know any spells.
Your spell library contained the following spells:

 Spells                   Type           Power      Damage    Failure   Level
 Cause Fear               Hex            0%         N/A       99%         4
 Dragon Form              Tmut           0%         N/A       100%        7
 Dragon's Call            Summ           0%         N/A       100%        9


Dungeon Overview and Level Annotations

Branches:
Dungeon (5/15)             Temple (1/1) D:4

Altars:
Ashenzari
Cheibriados
Dithmenos
Elyvilon
Fedhas
Gozag
Hepliaklqana
Kikubaaqudgha
Makhleb
Nemelex Xobeh
Okawaru
Ru
Sif Muna
Trog
Uskayaw
Vehumet
Wu Jian
Xom
Yredelemnul
The Shining One

Shops:
D:4 [


Innate Abilities, Weirdness & Mutations

You have a pair of horns on your head.
You reflexively headbutt those who attack you in melee.
Armour fits poorly on your strangely shaped body.
You are strong-willed. (Will+)
You occasionally lose the ability to read scrolls when taking damage.


Message History

You shoot an arrow. The arrow hits the water moccasin!
The water moccasin is heavily wounded.
You feel very sick. The water moccasin barely misses you.
The gnoll barely misses you.
The gnoll bouda gazes fiercely through you!
You feel your attacks grow feeble. The water moccasin closely misses you.
You furiously retaliate!
You headbutt the water moccasin, but do no damage.
You are too injured to fight recklessly!
Fire: a) +0 shortbow
Press: ? - help, Q - select action, (/) - cycle Shift-Dir - straight line, f/p - water moccasin
Aim: a water moccasin (heavily wounded, 50% to hit)
You shoot an arrow.
The arrow closely misses the water moccasin.
You feel very sick. The water moccasin bites you.
You are more poisoned.
The water moccasin poisons you!
The gnoll hits you from afar with a +0 halberd.
The gnoll bouda hits you with a +0 club.
Fire: a) +0 shortbow
Press: ? - help, Q - select action, (/) - cycle Shift-Dir - straight line, f/p - water moccasin
Aim: a water moccasin (heavily wounded, 50% to hit)
You shoot an arrow.
The arrow closely misses the water moccasin.
You feel extremely sick. The water moccasin bites you.
The gnoll hits you from afar with a +0 halberd!
You feel threatened and lose the ability to read scrolls!
* * * LOW HITPOINT WARNING * * *
The gnoll bouda barks out a call to the hunt!
The gnoll picks up the pace!
The water moccasin bites you.
* * * LOW HITPOINT WARNING * * *
It was a potion of curing.
You feel better.
The gnoll bouda hits you with a +0 club.
* * * LOW HITPOINT WARNING * * *
The gnoll barely misses you. The water moccasin bites you!
You die...
Your body crumbles into a pile of gold.

#...#.............# ..
###.#.............## ..
..................#..
.....................
..##...............# ##
##....###.....### .
##.............###...
##...#..##.....g...... .
........#....@S.$..$.
..##............$.g.....
.>#.....................
#....................#..
##.................### .
......)#............
.......#....##.......
...##......# #.##...#.
....#).##...# $


You could see a water moccasin, a gnoll bouda and a gnoll (swift).

Vanquished Creatures
  Sigmund (D:5)
  2 black bears
  A scorpion (D:4)
  A jelly (D:5)
  3 hounds
  An orc priest (D:5)
  A sleepcap (D:5)
  Jessica (D:3)
  Natasha (thrice) (D:2)
  6 gnolls
  2 adders
  5 worms
  2 dart slugs
  3 orcs
  7 endoplasms
  6 giant cockroaches
  6 goblins
  3 hobgoblins
  10 jackals
  6 quokkas
  8 ball pythons
  8 bats
  A frilled lizard (D:1)
  11 kobolds
  9 rats
107 creatures vanquished.

Notes
Turn   | Place    | Note
-------+----------+-------------------------------------------
     0 | D:1      | BillyBaka the Minotaur Hunter began the quest for the Orb.
     0 | D:1      | Reached XP level 1. HP: 18/18 MP: 0/0
    32 | D:1      | Reached skill level 1 in Stealth
    41 | D:1      | Reached XP level 2. HP: 11/25 MP: 1/1
   213 | D:1      | Reached skill level 1 in Armour
   296 | D:1      | Reached XP level 3. HP: 24/30 MP: 2/2
   742 | D:2      | Noticed Natasha
   746 | D:2      | Killed Natasha
   747 | D:2      | Reached skill level 5 in Ranged Weapons
   747 | D:2      | Reached XP level 4. HP: 26/38 MP: 3/3
   804 | D:2      | Noticed Natasha
   938 | D:2      | Found a blossoming altar of Fedhas.
  1047 | D:2      | Killed Natasha
  1166 | D:2      | Noticed Natasha
  1175 | D:2      | Killed Natasha
  1176 | D:2      | Reached XP level 5. HP: 38/45 MP: 4/4
  1440 | D:3      | Noticed Jessica
  1444 | D:3      | Killed Jessica
  2008 | D:4      | Found a staircase to the Ecumenical Temple.
  2153 | Temple   | Entered the Ecumenical Temple
  2327 | Temple   | Became a worshipper of Gozag Ym Sagoz the Greedy
  2485 | D:4      | Reached XP level 6. HP: 48/52 MP: 5/5
  2743 | D:4      | Reached skill level 6 in Ranged Weapons
  2869 | D:4      | Found Dagur's Armour Shop.
  3141 | D:5      | Entered Level 5 of the Dungeon
  3153 | D:5      | Noticed Sigmund
  3275 | D:5      | Reached XP level 7. HP: 41/59 MP: 6/6
  3538 | D:4      | Bought the +1 pair of gloves of Activism {Regen+} for 198
                  | gold pieces
  3623 | D:5      | Gained mutation: You occasionally lose the ability to read
                  | scrolls when taking damage. [potion of mutation]
  3623 | D:5      | Gained mutation: Armour fits poorly on your strangely
                  | shaped body. [potion of mutation]
  3623 | D:5      | Gained mutation: You are strong-willed. (Will+) [potion of
                  | mutation]
  3631 | D:5      | Killed Sigmund
  3737 | D:5      | Reached skill level 7 in Ranged Weapons
  3740 | D:5      | Slain by a water moccasin

Illustrated notes

Levels and vault maps discovered:
D:1:      ebering_trefoil_twist, layout_rooms, minmay_misc_feat_encased
D:2:      layout_loops_cross, basic_altar, uniq_natasha
D:3:      layout_basic, st_stairs_6, minmay_between, uniq_jessica
D:4:      layout_cave_pods, minmay_temple_entry_arrows, serial_shops,
          shop_fountains
D:5:      layout_cave_pools, uniq_sigmund
Temple:   nicolae_temple_slightly_damp_pantheon

Skill      XL: |  1  2  3  4  5  6  7 |
---------------+----------------------+-----
Stealth        | 1 2 3 |  3.1
Armour         | 1 2 3 |  3.9
Fighting       | 3 4 |  4.8
Ranged Weapons | 5 6 7 |  7.1
Dodging        | 3 4 |  4.4
Short Blades   | |  0.8

Action                     |  1- 3 |  4- 6 |  7- 9 || total
---------------------------+-------+-------+-------++-------
  Melee: Dagger            |       |    15 |     6 ||    21
         Headbutt          |       |     4 |     2 ||     6
   Fire: Shortbow          |   110 |   165 |    47 ||   322
    Use: Potion            |       |       |     7 ||     7
         Scroll            |       |       |     2 ||     2
 Armour: Leather armour    |    11 |    21 |     5 ||    37
         Skin              |       |       |     3 ||     3
  Dodge: Dodged            |    30 |    77 |    18 ||   125
